 Dungeon Crawl Stone Soup version 0.23.2-1-ga50397a (webtiles) character file.

Game seed: 2796194030754329428

543 Leeroy the Conjurer (level 7, -2/59 HPs)
             Began as a Grey Draconian Conjurer on Apr 14, 2019.
             Slain by an orc wizard
             ... wielding a +0 dagger
              (5 damage)
             ... on level 4 of the Dungeon.
             The game lasted 00:13:26 (3981 turns).

Leeroy the Conjurer (Grey Draconian Conjurer)       Turns: 3981, Time: 00:13:26

Health: -2/59      AC: 12    Str: 10    XL:     7   Next: 6%
Magic:  10/10      EV: 13    Int: 17    God:
Gold:   176        SH:  0    Dex: 12    Spells: 4/10 levels left

rFire    . . .     SeeInvis .   f - +0 short sword
rCold    . . .     Gourm    .   (no shield)
rNeg     . . .     Faith    .   (armour unavailable)
rPois    .         Spirit   .   (helmet restricted)
rElec    .         Reflect  .   (no cloak)
rCorr    .         Harm     .   p - +0 pair of gloves
MR       .....                  (no boots)
Stlth    ++........             (no amulet)
HPRegen  0.19/turn              (no ring)
MPRegen  0.12/turn              (no ring)

@: no status effects
A: walk through water, unfitting armour, unbreathing, cold-blooded, AC +11
a: no special abilities


You were on level 4 of the Dungeon.
You were not hungry.

You visited 1 branch of the dungeon, and saw 4 of its levels.

You collected 176 gold pieces.

Inventory:

Hand Weapons
 a - a +0 club
 c - a +0 dagger
 e - a +0 dagger of protection
 f - a +0 short sword (weapon)
 v - a +0 short sword
 x - a +0 war axe
Missiles
 g - 115 stones
 j - 2 needles of confusion
 k - 15 bolts
 n - 160 arrows
 s - 4 javelins (quivered)
 u - 9 tomahawks
Armour
 p - a +0 pair of gloves (worn)
Jewellery
 r - an uncursed ring of resist corrosion {unknown}
Scrolls
 i - a scroll of remove curse {unknown}
 l - 7 scrolls of identify {unknown}
 m - 2 scrolls of amnesia {unknown}
 o - 2 scrolls of blinking {unknown}
 q - a scroll of fear {unknown}
 t - a scroll of fog {unknown}
 y - a scroll of enchant weapon {unknown}
 A - a scroll of random uselessness {unknown}
Potions
 d - 3 potions of brilliance {unknown}
 h - 2 potions of might {unknown}
 w - a potion of flight {unknown}
 z - a potion of haste {unknown}
Comestibles
 b - 6 rations


   Skills:
 - Level 4.2 Fighting
 + Level 1.8 Short Blades
 - Level 3.0 Dodging
 - Level 1.7 Stealth
 - Level 2.0 Spellcasting
 - Level 6.0 Conjurations
 - Level 2.1 Hexes


You had 4 spell levels left.
You knew the following spells:

 Your Spells              Type           Power        Failure   Level  Hunger
a - Magic Dart            Conj           ###.         1%          1    #......
b - Searing Ray           Conj           ###...       2%          2    ###....
c - Dazzling Spray        Conj/Hex       ###...       11%         3    ###....

Your spell library contained the following spells:

 Spells                   Type           Power        Failure   Level  Hunger
 Iskenderun's Mystic Bla  Conj           ###.....     16%         4    #####..
 Fulminant Prism          Conj/Hex       ###.......   34%         4    #####..
 Force Lance              Conj/Tloc      ##......     50%         4    #####..


Dungeon Overview and Level Annotations

Branches:
Dungeon (4/15)
 Temple: D:4-7

Altars:


Innate Abilities, Weirdness & Mutations

You can walk through water.
Your dull iron-grey scales are very hard. (AC +11)
You cannot fit into any form of body armour.
You can survive without breathing.
You are cold-blooded and may be slowed by cold attacks.


Message History

The orc priest is almost dead.
The orc wizard hits you but does no damage.
The hound bites you but does no damage.
The orc priest calls down the wrath of Beogh upon you.
You struggle to resist.
The orc priest calls upon Beogh to heal the orc priest.
The orc priest is healed somewhat.
The orc wizard misses you. The hound bites you but does no damage.
You hit the orc priest but do no damage.
The orc priest is severely wounded.
The orc wizard gestures at you while chanting.
The magic dart hits you!
* * * LOW HITPOINT WARNING * * *
The orc priest hits you but does no damage.
The hound bites you.
* * * LOW HITPOINT WARNING * * *
You barely miss the orc priest.
The orc priest is severely wounded.
The orc wizard hits you with a +0 dagger.
You die...

#.....####..#
.. ##....#
#.# .. #....#
.# #..#..# .
#.###.## #
#.. #..# ..#
#.
#..####...# .
##h#oo.....
#.@oo# #.####
...# .....#
#.####.. #
##. #


You could see a hound, 2 orc priests, an orc wizard and an orc.

Vanquished Creatures
  Sigmund (D:3)
  A bullfrog (D:4)
  A scorpion (D:3)
  A bullfrog skeleton (D:4)
  An orc priest (D:4)
  An iguana (D:2)
  2 worker ants
  6 adders
  4 worms
  2 dart slugs
  5 leopard geckos
  6 orcs
  3 giant cockroaches
  13 goblins
  3 hobgoblins
  7 kobolds
  3 ball pythons
  8 bats
  5 frilled lizards
  3 rats (D:1)
76 creatures vanquished.

Vanquished Creatures (others)
  A plant (D:3)
1 creature vanquished.

Grand Total: 77 creatures vanquished

Notes
Turn   | Place    | Note
-------+----------+-------------------------------------------
     0 | D:1      | Leeroy the Draconian Conjurer began the quest for the Orb.
     0 | D:1      | Reached XP level 1. HP: 14/14 MP: 3/3
   101 | D:1      | Reached XP level 2. HP: 11/20 MP: 0/5
   141 | D:1      | Learned a level 2 spell: Searing Ray
   702 | D:1      | Reached skill level 5 in Conjurations
   702 | D:1      | Reached XP level 3. HP: 6/26 MP: 2/6
   710 | D:1      | Learned a level 3 spell: Dazzling Spray
  1217 | D:2      | Reached skill level 1 in Short Blades
  1217 | D:2      | Reached XP level 4. HP: 13/33 MP: 2/7
  1822 | D:2      | Reached skill level 6 in Conjurations
  2027 | D:3      | Reached skill level 1 in Fighting
  2210 | D:3      | Reached XP level 5. HP: 32/40 MP: 4/8
  2329 | D:3      | Noticed Sigmund
  2545 | D:3      | Killed Sigmund
  2545 | D:3      | Reached XP level 6. HP: 44/52 MP: 5/9
  3219 | D:4      | Reached skill level 1 in Hexes
  3823 | D:4      | Your scales start taking on a dull iron-grey colour.
  3823 | D:4      | Reached XP level 7. HP: 59/59 MP: 10/10
  3823 | D:4      | Gained mutation: You can survive without breathing. [Grey
                  | Draconian growth]
  3981 | D:4      | Slain by an orc wizard

Skill      XL: |  1  2  3  4  5  6 |
---------------+-------------------+-----
Conjurations   | 5 6 |  6.0
Short Blades   | 1 |  1.8
Fighting       | 1 4 |  4.2
Dodging        | 3 |  3.0
Hexes          | 2 |  2.1
Stealth        | |  1.7
Spellcasting   | |  2.0

Action                   |  1- 3 |  4- 6 |  7- 9 || total
-------------------------+-------+-------+-------++-------
Melee: Dagger            |    14 |       |       ||    14
       Tailslap          |     5 |    17 |     5 ||    27
       Club              |     1 |       |       ||     1
       Short sword       |    52 |   165 |    24 ||   241
Throw: Stone             |     2 |       |       ||     2
 Cast: Magic Dart        |    12 |     6 |       ||    18
       Searing Ray       |     8 |    18 |       ||    26
       Dazzling Spray    |       |     5 |       ||     5
 Stab: Sleeping          |     3 |       |       ||     3
       Invisible         |       |     2 |       ||     2
  Eat: Chunk             |     2 |     7 |       ||     9
       Ration            |       |     1 |       ||     1
Armor: Skin              |    17 |    51 |    34 ||   102
Dodge: Dodged            |    56 |   152 |    46 ||   254
